 Dungeon Crawl Stone Soup version 0.19-a0-1922-g1e9a4c1 (webtiles) character file.

271 Kaname the Digger (level 6, 0/46 HPs)
             Began as a Demonspawn Earth Elementalist on Oct 24, 2016.
             Succumbed to an adder's poison
             ... on level 2 of the Dungeon.
             The game lasted 00:15:04 (4175 turns).

Kaname the Digger (Demonspawn Earth Elementalist)   Turns: 4175, Time: 00:15:05

Health: 0/46       AC:  6    Str: 10    XL:     6   Next: 2%
Magic:  8/8        EV: 12    Int: 18    God:
Gold:   110        SH:  0    Dex: 14    Spells: 2 memorised, 4 levels left

rFire  . . .     SeeInvis .     p - +1 short sword (protect)
rCold  . . .     Gourm    .     c - +0 robe
rNeg   . . .     Faith    .     (no shield)
rPois  .         Spirit   .     (helmet restricted)
rElec  .         Reflect  .     g - +1 cloak
rCorr  .         Harm     .     (no gloves)
MR     .....                    (no boots)
Stlth  ++........               (no amulet)
                                (no ring)
                                (no ring)

@: lethally poisoned (0 -> -5)
A: horns 1, talons 2, yellow scales 1, low mp 1, strong 1
a: no special abilities


You were on level 2 of the Dungeon.
You were not hungry.

You visited 1 branch of the dungeon, and saw 3 of its levels.

You collected 110 gold pieces.

Inventory:

Hand Weapons
 p - a +1 short sword of protection (weapon)
Armour
 c - a +0 robe (worn)
 g - a +1 cloak (worn)
Jewellery
 a - an uncursed ring of teleportation
Wands
 i - a wand of confusion (22/48)
Scrolls
 j - a scroll of immolation
Potions
 h - a potion of cure mutation {unknown}
 l - a potion of invisibility {unknown}
 n - a potion of berserk rage {unknown}
 o - a potion of haste {unknown}
Books
 e - a book of Geomancy

   Spells                             Type                      Level
   a - Sandblast                      Earth                        1
   b - Passwall                       Transmutation/Earth          2
   c - Stone Arrow                    Conjuration/Earth            3
   d - Petrify                        Transmutation/Earth          4
   e - Lee's Rapid Deconstruction     Earth                        5
Comestibles
 d - 2 bread rations
 k - a slice of pizza


   Skills:
 - Level 2.4 Fighting
 + Level 1.2 Short Blades
 - Level 1.7 Dodging
 - Level 1.7 Stealth
 - Level 2.0 Spellcasting
 - Level 2.6 Conjurations
 - Level 2.0 Transmutations
 - Level 4.2 Earth Magic


You had 4 spell levels left.
You knew the following spells:

 Your Spells              Type           Power        Failure   Level  Hunger
a - Stone Arrow           Conj/Erth      ##....       17%         3    ###....
b - Passwall              Tmut/Erth      ##........   10%         2    ###....


Dungeon Overview and Level Annotations

Branches:
Dungeon (3/15)

Altars:
Elyvilon
Nemelex Xobeh
Qazlal
Vehumet
Zin


Innate Abilities, Weirdness & Mutations

You have razor-sharp toenails.
You are partially covered in yellow scales. (AC +2)
You have a pair of small horns on your head.
Your magical capacity is low. (-10% MP)
Your muscles are strong. (Str +2)


Message History

You are lethally poisoned!
The adder poisons you!
* * * LOW HITPOINT WARNING * * *
You feel sick. The adder bites you but does no damage. The rat bites you.
* * * LOW HITPOINT WARNING * * *
* * * LOW HITPOINT WARNING * * *
You feel sick. The adder misses you. The rat barely misses you.
* * * LOW HITPOINT WARNING * * *
You feel sick. The adder bites you but does no damage. The rat misses you.
The adder bites you but does no damage.
* * * LOW HITPOINT WARNING * * *
You feel sick. The adder bites you but does no damage. The rat misses you.
* * * LOW HITPOINT WARNING * * *
You feel sick. The adder closely misses you. The rat closely misses you.
The adder bites you but does no damage. The rat closely misses you.
The adder barely misses you.
* * * LOW HITPOINT WARNING * * *
You feel sick. The adder closely misses you. The rat bites you.
* * * LOW HITPOINT WARNING * * *
You die...

##....#### #.....####....#######
###......####.....# #..##........
###...#...........# #.##########.
.......####......####.######.....
........#...............##.......
...#.##....#..##....#.#..........
..............##.........##......
>......###......Sr...######......
...#.### ####.##@.....######.....
...#.# #....#.##......#.....
...#.########...##...#####.##....
...................#...##...##...
#......#...#........####.....##..
#.....###.###........##.......###
#......#...#.............._.....#
#.^......_...........##.......#..
##..#..#...#.........###.....####


You could see an adder and a rat.

Vanquished Creatures
  A vampire bat (D:3)
  An orc priest (D:3)
  Ijyb (D:2)
  A worker ant (D:3)
  Robin (D:3)
  7 adders
  A dart slug (D:1)
  2 leopard geckos
  3 orcs (D:3)
  A giant cockroach (D:1)
  16 goblins
  4 hobgoblins
  3 jackals (D:2)
  6 kobolds
  3 quokkas
  16 bats
  4 frilled lizards
  6 rats
77 creatures vanquished.

Notes
Turn   | Place    | Note
-------+----------+-------------------------------------------
     0 | D:1      | Kaname the Demonspawn Earth Elementalist began the quest for the Orb.
     0 | D:1      | Reached XP level 1. HP: 13/13 MP: 3/3
   159 | D:1      | Reached skill level 3 in Earth Magic
   418 | D:1      | Gained mutation: You have sharp toenails. [demonic ancestry]
   418 | D:1      | Reached XP level 2. HP: 15/19 MP: 5/5
  1172 | D:1      | Learned a level 2 spell: Passwall
  1485 | D:2      | Gained mutation: You have razor-sharp toenails. [demonic ancestry]
  1485 | D:2      | Reached XP level 3. HP: 23/24 MP: 3/6
  1525 | D:2      | Learned a level 3 spell: Stone Arrow
  1532 | D:2      | Noticed Ijyb
  1552 | D:2      | Killed Ijyb
  1552 | D:2      | Reached skill level 4 in Earth Magic
  1566 | D:1      | Gained mutation: Your magical capacity is low. (-10% MP) [potion of mutation]
  1566 | D:1      | Gained mutation: Your muscles are strong. (Str +2) [potion of mutation]
  1566 | D:1      | Gained mutation: You have a pair of small horns on your head. [potion of mutation]
  1816 | D:2      | Reached skill level 1 in Conjurations
  2023 | D:2      | Found a radiant altar of Vehumet.
  2030 | D:2      | Reached XP level 4. HP: 28/30 MP: 6/6
  2040 | D:2      | Found a glowing silver altar of Zin.
  2065 | D:2      | Found a sparkling altar of Nemelex Xobeh.
  2347 | D:3      | Found a stormy altar of Qazlal.
  2401 | D:3      | Reached skill level 1 in Transmutations
  2503 | D:3      | Noticed Robin
  2554 | D:2      | Reached XP level 5. HP: 8/35 MP: 2/7
  2966 | D:2      | Found a sparkling altar of Nemelex Xobeh.
  3137 | D:2      | Found a radiant altar of Vehumet.
  3335 | D:3      | Found a white marble altar of Elyvilon.
  3640 | D:3      | Reached skill level 1 in Fighting
  3785 | D:3      | Killed Robin
  4012 | D:3      | Reached skill level 1 in Short Blades
  4043 | D:3      | Gained mutation: You are partially covered in yellow scales. (AC +2) [demonic ancestry]
  4043 | D:3      | Reached XP level 6. HP: 38/46 MP: 3/8
  4174 | D:2      | HP: 1/46 [rat (2)]
  4175 | D:2      | Succumbed to an adder's poison

Vault maps used:
D:1:      mrwooster_arrival_arrow
D:2:      lemuel_round_altar, nemelex_xobeh_ov_fountains_minmay,
          vehumet_crystals, uniq_iyjb
D:3:      overflow_temple_1_default, corexii_hall_statues_deadend,
          roderic_batcave, minmay_misc_feat_x, elyvilon_altar_4, uniq_robin

Skill      XL: |  1  2  3  4  5 |
---------------+----------------+-----
Earth Magic    | 3 4 |  4.2
Conjurations   | 1 2 |  2.6
Transmutations | 1 2 |  2.0
Fighting       | 2 |  2.4
Short Blades   | 1 |  1.2
Dodging        | |  1.7
Stealth        | |  1.7
Spellcasting   | |  2.0

Action                   |  1- 3 |  4- 6 || total
-------------------------+-------+-------++-------
Melee: Club              |    25 |       ||    25
       Unarmed           |     6 |       ||     6
       Short sword       |    52 |   127 ||   179
       Kick              |     6 |    20 ||    26
       Headbutt          |       |    13 ||    13
 Cast: Sandblast         |    23 |       ||    23
       Stone Arrow       |     4 |    17 ||    21
  Use: Scroll            |     3 |     6 ||     9
       Potion            |     3 |     1 ||     4
 Stab: Sleeping          |     1 |     2 ||     3
       Distracted        |     1 |       ||     1
  Eat: Chunk             |     4 |     8 ||    12
       Pizza             |       |     1 ||     1
Armor: Robe              |    19 |   112 ||   131
       Skin              |    12 |       ||    12
Dodge: Dodged            |    68 |   191 ||   259
